 Dungeon Crawl Stone Soup version 0.29.1-14-g9c671dbff4 (webtiles) character file.

Game seed: 18438820295339656330

44 zlionsfan the Vexing (level 3, 0/20 HPs)
             Began as a Deep Elf Arcane Marksman on Feb 18, 2023.
             Succumbed to an adder's poison
             ... on level 2 of the Dungeon.
             The game lasted 00:05:25 (1686 turns).

zlionsfan the Vexing (Deep Elf Arcane Marksman)     Turns: 1686, Time: 00:05:25

Health: 0/20       AC:  3    Str:  7    XL:     3   Next: 41%
Magic:  7/8        EV: 12    Int: 19    God:
Gold:   51         SH:  0    Dex: 15    Spells: 5/6 levels left

rFire   . . .      SeeInvis .   a - +0 short sword (speed)
rCold   + . .      Faith    .   (no shield)
rNeg    . . .      Spirit   .   c - +1 robe
rPois   .          Reflect  .   (no helmet)
rElec   .          Harm     .   (no cloak)
rCorr   .          Rampage  .   (no gloves)
Will    .....                   (no boots)
Stlth   +.........              (no amulet)
HPRegen 0.06/turn               f - ring of protection from cold
MPRegen 0.11/turn               (no ring)

@: mighty, lethally poisoned (0 -> -1), silenced, attractive, hasted, very quick
A: no striking features
a: no special abilities


You were on level 2 of the Dungeon.
You visited 1 branch of the dungeon, and saw 2 of its levels.

You collected 51 gold pieces.

Inventory:

Hand Weapons
 a - a +0 short sword of speed (weapon)
 b - a +1 sling
Armour
 c - a +1 robe (worn)
Jewellery
 f - a ring of protection from cold (left hand)
Scrolls
 d - a scroll of poison
 j - a scroll of blinking
 l - a scroll of enchant weapon {unknown}


   Skills:
 + Level 0.7 Fighting
 * Level 4.1 Ranged Weapons
 + Level 2.6 Dodging
 + Level 0.7 Stealth
 * Level 2.0 Spellcasting
 * Level 4.6 Hexes


You had 5 spell levels left.
You knew the following spells:

 Your Spells              Type           Power      Damage    Failure   Level
a - Slow                  Hex            76%        N/A       2%          1

Your spell library contained the following spells:

 Spells                   Type           Power      Damage    Failure   Level
 Inner Flame              Hex/Fire       10%        N/A       21%         3
 Portal Projectile        Hex/Tloc       20%        N/A       21%         3
 Cause Fear               Hex            9%         N/A       26%         4


Dungeon Overview and Level Annotations

Branches:
Dungeon (2/15)

Altars:


Message History

You hit the adder.
The adder is severely wounded.
You feel sick.
You hit the adder.
You kill the adder!
You feel sick.
Your Ranged Weapons skill increases to level 4!
Your Spellcasting skill increases to level 2!
There is a lethal amount of poison in your body!
It was a potion of haste.
You feel yourself speed up.
* * * LOW HITPOINT WARNING * * *
You feel sick.
It was a potion of attraction.
You feel attractive to monsters.
It was a potion of might.
You feel very mighty all of a sudden.
* * * LOW HITPOINT WARNING * * *
You feel sick.
* * * LOW HITPOINT WARNING * * *
You feel sick.
As you read the scroll labelled LETTIU ACKOB, it crumbles to dust.
It is a scroll of identify.
j - a scroll of blinking
As you read the scroll labelled VEROARYHUA, it crumbles to dust.
It is a scroll of amnesia.
Really abort (and waste the scroll)?
Okay, then.
* * * LOW HITPOINT WARNING * * *
You feel sick.
As you read the scroll labelled ILIZICZEQUA, it crumbles to dust.
It is a scroll of enchant armour.
Your +0 robe glows green for a moment.
* * * LOW HITPOINT WARNING * * *
You feel sick.
As you read the scroll labelled MURIGA OCURHEO, it crumbles to dust.
A profound silence engulfs you.
It was a scroll of silence.
Magic scrolls do not work when you're silenced!
There is a lethal amount of poison in your body!
There is a lethal amount of poison in your body!
You die...

#######
#####.....## .
.........# #
#..###..#######
..##).#..........#
#.......#.<#####@#
####.......# #.#
...........# #.#
.########### #.#
.# #.# .### #^.
...######## #..
.#.##.....# ##..
.#.##.....# #.


There were no monsters in sight!

Vanquished Creatures
  An adder (D:2)
  A dart slug (D:1)
  4 bats
  6 endoplasms
  2 jackals (D:1)
  3 kobolds (D:1)
  A quokka (D:1)
  4 ball pythons (D:1)
  A frilled lizard (D:1)
  5 goblins
  3 rats (D:1)
31 creatures vanquished.

Notes
Turn   | Place    | Note
-------+----------+-------------------------------------------
     0 | D:1      | zlionsfan the Deep Elf Arcane Marksman began the quest for
                  | the Orb.
     0 | D:1      | Reached XP level 1. HP: 11/11 MP: 5/5
   370 | D:1      | Reached XP level 2. HP: 10/16 MP: 6/6
  1117 | D:1      | Found a faded altar of an unknown god.
  1503 | D:1      | Reached XP level 3. HP: 20/20 MP: 7/7
  1684 | D:2      | HP: 1/20 [poisoned by an adder]
  1686 | D:2      | Succumbed to an adder's poison

Illustrated notes

Levels and vault maps discovered:
D:1:      lemuel_arrival_river_bridge, layout_basic,
          hellmonk_ecumenical_altar_dog_temple, dk_noncrumbling_2,
          chequers_serial_rivers_micro_b, minmay_misc_feat_columns,
          minmay_misc_feat_doors, nicolae_titane
D:2:      layout_loops_cross

Skill      XL: |  1  2  3 |
---------------+----------+-----
Ranged Weapons | 3 4 |  4.1
Spellcasting   | 2 |  2.0
Fighting       | |  0.7
Dodging        | |  2.6
Stealth        | |  0.7
Hexes          | |  4.6

Action                   || total
-------------------------++-------
Melee: Short sword       ||    53
       Punch             ||     1
 Fire: Sling             ||    54
 Cast: Slow              ||     9
  Use: Scroll            ||     4
       Potion            ||     3
Armor: Robe              ||     4
Dodge: Dodged            ||    25
